 Dungeon Crawl Stone Soup version 0.21.1-1-g345015f (webtiles) character file.

89 letownia2 the Conjurer (level 4, 0/25 HPs)
             Began as a Tengu Air Elementalist on Mar 3, 2018.
             Slain by a slave (7 damage)
             ... led by Pikel
             ... on level 3 of the Dungeon.
             The game lasted 00:04:35 (672 turns).

letownia2 the Conjurer (Tengu Air Elementalist)      Turns: 672, Time: 00:04:37

Health: 0/25       AC:  3    Str:  9    XL:     4   Next: 55%
Magic:  11/17      EV: 12    Int: 16    God:
Gold:   114        SH:  0    Dex: 14    Spells: 3/7 levels left

rFire    . . .     SeeInvis .   l - +0 dagger
rCold    . . .     Gourm    .   (no shield)
rNeg     . . .     Faith    .   e - +0 leather armour
rPois    .         Spirit   .   (helmet restricted)
rElec    .         Reflect  .   (no cloak)
rCorr    .         Harm     .   (no gloves)
MR       .....                  (boots unavailable)
Stlth    ++........             (no amulet)
HPRegen  0.08/turn              m - ring of magical power
MPRegen  0.15/turn              (no ring)

@: very slightly contaminated
A: beak, talons 3
a: no special abilities


You were on level 3 of the Dungeon.
You were not hungry.

You visited 1 branch of the dungeon, and saw 4 of its levels.

You collected 114 gold pieces.

Inventory:

Hand Weapons
 l - a +0 dagger (weapon)
Armour
 a - a +0 robe
 e - a +0 leather armour (worn)
 i - a +0 leather armour
Jewellery
 m - a ring of magical power (left hand)
Scrolls
 d - a scroll of remove curse {unknown}
 g - 2 scrolls of identify {unknown}
 h - a scroll of magic mapping {unknown}
 j - 2 scrolls of noise {unknown}
Potions
 f - a potion of heal wounds {unknown}
 k - a potion of magic {unknown}
 n - a potion of ambrosia {unknown}
Books
 b - a book of Air

   Spells                             Type                      Level
   a - Shock                          Conjuration/Air              1
   b - Swiftness                      Charms/Air                   2
   c - Static Discharge               Conjuration/Air              3
   d - Airstrike                      Air                          4
   e - Lightning Bolt                 Conjuration/Air              5
Comestibles
 c - 6 rations


   Skills:
 + Level 1.2 Fighting
 + Level 1.4 Armour
 + Level 2.8 Dodging
 - Level 2.0 Stealth
 - Level 2.0 Spellcasting
 - Level 4.2 Conjurations
 - Level 4.0 Air Magic


You had 3 spell levels left.
You knew the following spells:

 Your Spells              Type           Power        Failure   Level  Hunger
a - Shock                 Conj/Air       ##..         5%          1    #......
d - Static Discharge      Conj/Air       ##......     16%         3    ###....


Dungeon Overview and Level Annotations

Branches:
Dungeon (4/15)
 Temple: D:4-7

Altars:
Ashenzari
Qazlal

Annotations:
D:3 Ratty's ghost, amateur DENe
D:4 Grinder; Pikel


Innate Abilities, Weirdness & Mutations

You have a beak for a mouth.
You have claws for feet.


Message History

You climb upwards.
Level annotation: Ratty's ghost, amateur DENe
There is a stone staircase leading down here.
Unknown command.
Unknown command.
Casting: Shock
Confirm with . or Enter, or press ? or * to list all spells.
The slave is struck by lightning.
The slave is lightly wounded.
The lightning arcs!
You are struck by lightning.
The lightning grounds out.
The slave hits you!
* * * LOW HITPOINT WARNING * * *
Unknown command.
Casting: Static Discharge
Confirm with . or Enter, or press ? or * to list all spells.
You miscast Static Discharge.
You are very lightly contaminated with residual magic.
You hear a whooshing sound.
The slave hits you!
You die...

#.# #†# #.#
#.####.# #W.....#
#..###.# #..#.# #
####..#.#.########
................@#
#..#....#.#.####p#
...#.##.# #.#
...#.# .# #.#
.#.#.# .# #.#
.#...# # #.#
.#...# #.#
.#......# #.#
##.#.####


You could see a slave.

Vanquished Creatures
  A scorpion (D:4)
  An adder (D:3)
  A worm (D:2)
  3 leopard geckos
  A giant cockroach (D:2)
  6 hobgoblins
  A ball python (D:3)
  3 bats
  A frilled lizard (D:2)
  A goblin (D:3)
  A kobold (D:2)
  2 rats (D:2)
22 creatures vanquished.

Vanquished Creatures (others)
  A frilled lizard (D:3)
1 creature vanquished.

Grand Total: 23 creatures vanquished

Notes
Turn   | Place    | Note
-------+----------+-------------------------------------------
     0 | D:1      | letownia2 the Tengu Air Elementalist began the quest for the Orb.
     0 | D:1      | Reached XP level 1. HP: 10/10 MP: 4/4
   113 | D:2      | Reached XP level 2. HP: 15/15 MP: 0/6
   280 | D:3      | Reached XP level 3. HP: 3/19 MP: 0/7
   345 | D:3      | Noticed Ratty's ghost (amateur DENe)
   459 | D:3      | Found a shattered altar of Ashenzari.
   553 | D:3      | Found a stormy altar of Qazlal.
   564 | D:4      | Learned a level 3 spell: Static Discharge
   626 | D:4      | Noticed a scorpion
   636 | D:4      | Killed a scorpion
   636 | D:4      | Reached skill level 1 in Fighting
   636 | D:4      | Reached skill level 1 in Armour
   636 | D:4      | Reached XP level 4. HP: 24/25 MP: 8/8
   642 | D:4      | Noticed Grinder
   643 | D:4      | Noticed a slave
   643 | D:4      | Noticed an ogre
   643 | D:4      | Noticed Pikel
   644 | D:4      | Noticed a slave
   644 | D:4      | Noticed a slave
   662 | D:4      | Paralysed by Grinder for 5 turns
   672 | D:3      | Slain by a slave

Skill      XL: |  1  2  3 |
---------------+----------+-----
Conjurations   | 2 4 |  4.2
Fighting       | 1 |  1.2
Armour         | 1 |  1.4
Dodging        | |  2.8
Stealth        | |  2.0
Spellcasting   | |  2.0
Air Magic      | |  4.0

Action                   |  1- 3 |  4- 6 || total
-------------------------+-------+-------++-------
Melee: Unarmed           |     7 |       ||     7
       Kick              |     2 |       ||     2
       Dagger            |     1 |       ||     1
 Cast: Shock             |    38 |     2 ||    40
       Static Discharge  |       |     1 ||     1
  Use: Potion            |     2 |       ||     2
Armor: Robe              |     1 |       ||     1
       Leather armour    |     7 |       ||     7
Dodge: Dodged            |    25 |     1 ||    26
